 Dungeon Crawl Stone Soup version 0.16-a0-2093-g8c923f7 (webtiles) character file.

6408 Gorice the Grappler (level 10, -4/71 HPs)
             Began as a Ghoul Wanderer on Nov 11, 2014.
             Was a High Priest of Makhleb.
             Killed from afar by a gargoyle (20 damage)
             ... with a stone arrow
             ... on level 10 of the Dungeon on Nov 12, 2014.
             The game lasted 01:24:17 (9757 turns).

Gorice the Grappler (Ghoul Wanderer)                Turns: 9757, Time: 01:24:17

Health: -4/71      AC: 18    Str: 19    XL:     10   Next: 98%
Magic:  20/20      EV:  7    Int:  8    God:    Makhleb [*****.]
Gold:   438        SH:  0    Dex:  8    Spells: 0 memorised, 9 levels left

rFire  . . .     SeeInvis .       - Unarmed
rCold  + + .     Clarity  .     G - +0 plate armour
rNeg   + + +     SustAb   .     (no shield)
rPois  +         Gourm    .     c - +0 helmet
rElec  .         Spirit   .     x - +1 cloak
rCorr  .         Warding  .     (no gloves)
rMut   +         Stasis   .     J - +0 pair of boots
MR     .....                    T - amulet of resist mutation
Stlth  ..........               r - ring of protection from cold
                                i - +1 ring of evasion

@: rotting, not resistant to hostile enchantments, extremely unstealthy
A: rotting body, claws 1, carnivore 3, cold resistance 1, negative energy
resistance 3, poison resistance, slow healing 1, torment resistance, unbreathing
a: Minor Destruction, Lesser Servant of Makhleb, Major Destruction, Greater
Servant of Makhleb, Renounce Religion


You were on level 10 of the Dungeon.
You worshipped Makhleb.
Makhleb was extremely pleased with you.
You were not hungry.

You visited 2 branches of the dungeon, and saw 11 of its levels.

You collected 438 gold pieces.

Inventory:

Hand weapons
 b - a +1 hunting sling
 f - a +1 whip of freezing
 g - a +0 whip of electrocution
 p - a +0 mace of protection
 B - a +0 blowgun
Missiles
 j - 8 javelins (quivered)
 t - 5 tomahawks of returning
 v - 19 poisoned needles
 y - 36 sling bullets
 A - 16 steel sling bullets
 Z - 193 stones
Armour
 c - a +0 helmet (worn)
 x - a +1 cloak (worn)
 G - a +0 plate armour (worn)
 J - a +0 pair of boots (worn)
Rods
 C - a +0 rod of clouds (10/10)
   (You took it off an orc wizard on level 8 of the Dungeon)
Jewellery
 i - a +1 ring of evasion (left claw)
 r - a ring of protection from cold (right claw)
 s - an uncursed ring of flight
 M - an uncursed ring of magical power
 T - an amulet of resist mutation (around neck)
 W - an uncursed ring of fire
Magical devices
 D - a wand of draining (3)
 N - a wand of frost (18)
 P - a wand of disintegration (5)
 R - a wand of polymorph (18)
Scrolls
 d - 7 scrolls of teleportation
 h - a scroll of amnesia
 m - 3 scrolls of identify
 o - a scroll of blinking
 u - 2 scrolls of enchant weapon
 w - 3 scrolls of recharging
 I - a scroll of fear
 Q - a scroll of magic mapping
Potions
 a - a potion of invisibility
 e - a potion of brilliance
 n - 4 potions of curing
 E - a potion of resistance
 F - a potion of magic
 L - 2 potions of might
Comestibles
 l - 2 meat rations
 z - 2 beef jerkies
 H - a royal jelly


   Skills:
 - Level 1.1 Fighting
 - Level 1.7 Maces & Flails
 + Level 7.8 Armour
 - Level 1.0 Dodging
 * Level 12.8 Unarmed Combat
 + Level 7.9 Invocations
 - Level 1.7 Evocations


You had 9 spell levels left.
You didn't know any spells.

Dungeon Overview and Level Annotations

Branches:
Dungeon (10/15)            Temple (1/1) D:4             Orc (0/4) D:9
   Lair: D:8-11

Altars:
Ashenzari
Cheibriados
Dithmenos
Elyvilon
Fedhas
Gozag
Kikubaaqudgha
Makhleb
Nemelex Xobeh
Okawaru
Qazlal
Ru
Sif Muna
Trog
Vehumet
Xom
Yredelemnul
Zin
The Shining One
Beogh

Annotations:
D:2 pUX: Yiuf's house


Innate Abilities, Weirdness & Mutations

Your body is rotting away.
You thrive on raw meat.
You have sharp fingernails.
You are carnivorous and can eat meat at any time.
Your flesh is cold resistant.
You are immune to negative energy.
Your system is resistant to poisons.
You heal slowly when monsters are visible.
You are immune to unholy pain and torment.
You can survive without breathing.


Message History

The gargoyle is moderately damaged.
The gargoyle hurls a stone arrow at you.
The stone arrow misses you.
You scratch the gargoyle but do no damage.
The gargoyle is moderately damaged.
The gargoyle barely misses you.
You barely miss the gargoyle.
The gargoyle is moderately damaged.
The gargoyle hits you but does no damage.
You scratch the gargoyle but do no damage.
The gargoyle is moderately damaged.
The gargoyle hurls a stone arrow at you.
The stone arrow hits you!
* * * LOW HITPOINT WARNING * * *
Unknown command.
Drink which item? (? for menu, Esc to quit)
You feel better.
The gargoyle hurls a stone arrow at you.
The stone arrow hits you!
You die...

.............# #...#
.............# #...#...
.............# #...#....#
...######....# #.(.#....#
...#....#..<.######...#....#
.#....#.............#....#
###....#.............#.9..#
#......###)..........#....#
#<ยง......#.....@.....#....#
#........#...###9##..##'###...#
#........'...#....#...9.......#
#...######...#....#...#+#####..
#...# .....#....#...# #####
.....#....#...# .....#....#...#
.....#....#...#
......######...#


You could see a gargoyle.

Vanquished Creatures
  Pikel (D:9)
  2 hill giants
  4 slime creatures (D:9)
  A spriggan (D:8)
  A wyvern (D:9)
  A hill giant zombie (D:10)
  2 hungry ghosts (D:8)
  A water moccasin (D:7)
  3 sky beasts
  3 ice beasts
  3 orc warriors
  2 black bears
  An eye of draining (D:8)
  An ogre (D:10)
  A big kobold (D:9)
  4 centaurs
  A giant frog (D:6)
  A hippogriff zombie (D:5)
  4 killer bees (D:9)
  A centaur zombie (D:8)
  2 goliath beetles
  7 crimson imps
  A jelly (D:9)
  8 orc wizards
  Crazy Yiuf (D:2)
  6 orc priests
  An elf skeleton (D:7)
  2 hounds
  7 iguanas
  8 worker ants
  Ijyb (D:7)
  11 adders
  3 gnolls (D:7)
  2 shadow imps
  4 worms
  2 giant mites
  An orc skeleton (D:3)
  2 oozes
  27 orcs
  8 giant cockroaches
  9 goblins
  17 hobgoblins
  17 jackals
  18 kobolds
  A quokka (D:8)
  3 ball pythons
  9 bats
  4 giant geckos
  3 giant newts (D:2)
  A hobgoblin skeleton (D:4)
  A kobold zombie (D:8)
  20 rats
245 creatures vanquished.

Vanquished Creatures (others)
  A hellwing (D:10)
  2 slaves (D:9)
  A giant frog (D:9)
  An orc (D:9)
  A bat (D:9)
  2 kobolds (D:9)
8 creatures vanquished.

Grand Total: 253 creatures vanquished

Notes
Turn   | Place    | Note
--------------------------------------------------------------
     0 | D:1      | Gorice, the Ghoul Wanderer, began the quest for the Orb.
     0 | D:1      | Gorice set off with: a potion of haste, a potion of heal wounds, a +0 ring mail, a scroll of teleportation, a +0 club
     0 | D:1      | Reached XP level 1. HP: 16/16 MP: 1/1
   146 | D:1      | Reached XP level 2. HP: 21/23 MP: 2/2
   566 | D:1      | Reached skill level 3 in Unarmed Combat
   588 | D:1      | Reached XP level 3. HP: 26/28 MP: 3/3
   960 | D:2      | Found a burning altar of Makhleb.
  1150 | D:2      | Reached skill level 4 in Unarmed Combat
  1161 | D:2      | Reached XP level 4. HP: 20/35 MP: 4/4
  1454 | D:2      | Upgraded the game from 0.16-a0-2072-gc0ac6de to 0.16-a0-2093-g8c923f7
  1731 | D:2      | Became a worshipper of Makhleb the Destroyer
  1884 | D:3      | Found a shattered altar of Ashenzari.
  2043 | D:3      | Reached XP level 5. HP: 40/40 MP: 5/5
  2323 | D:3      | Acquired Makhleb's first power
  2408 | D:3      | Reached skill level 5 in Unarmed Combat
  2924 | D:4      | Noticed an ogre
  3121 | D:4      | Reached XP level 6. HP: 38/46 MP: 6/6
  3202 | D:4      | Found a staircase to the Ecumenical Temple.
  3333 | Temple   | Entered the Ecumenical Temple
  3647 | D:4      | Acquired Makhleb's second power
  3648 | D:4      | Found a basalt altar of Yredelemnul.
  3689 | D:4      | Reached skill level 6 in Unarmed Combat
  3906 | D:5      | Entered Level 5 of the Dungeon
  4274 | D:5      | Reached XP level 7. HP: 37/52 MP: 7/7
  4341 | D:5      | Reached skill level 1 in Invocations
  4537 | D:2      | Noticed Crazy Yiuf
  4546 | D:2      | Killed Crazy Yiuf
  4676 | D:5      | Reached skill level 7 in Unarmed Combat
  4992 | D:5      | Reached XP level 8. HP: 59/59 MP: 9/9
  5780 | D:6      | Reached skill level 8 in Unarmed Combat
  5784 | D:6      | Reached skill level 5 in Armour
  5861 | D:6      | Acquired Makhleb's third power
  6203 | D:7      | Found a burning altar of Makhleb.
  6218 | D:7      | Reached skill level 9 in Unarmed Combat
  6540 | D:7      | Reached XP level 9. HP: 59/64 MP: 14/14
  6685 | D:7      | Found a blossoming altar of Fedhas.
  6687 | D:7      | Noticed Ijyb
  6701 | D:7      | Killed Ijyb
  6947 | D:8      | Acquired Makhleb's fourth power
  6947 | D:8      | Reached skill level 5 in Invocations
  7081 | D:8      | Reached skill level 10 in Unarmed Combat
  7496 | D:8      | Identified a +0 rod of clouds (10/10) (You took it off an orc wizard on level 8 of the Dungeon)
  7852 | D:9      | Noticed a hill giant
  7869 | D:9      | Killed a hill giant
  7869 | D:9      | Reached skill level 11 in Unarmed Combat
  7939 | D:9      | Reached XP level 10. HP: 48/71 MP: 18/18
  7955 | D:9      | Found a shimmering altar of Xom.
  8119 | D:9      | Noticed Pikel
  8237 | D:9      | Killed Pikel
  8294 | D:9      | Found a staircase to the Orcish Mines.
  8330 | D:9      | Found a roughly hewn altar of Beogh.
  8469 | D:9      | Acquired Makhleb's fifth power
  8564 | D:9      | Found a shadowy altar of Dithmenos.
  8567 | D:9      | Found a shimmering altar of Xom.
  8570 | D:9      | Found a snail-covered altar of Cheibriados.
  8585 | D:9      | Found an iron altar of Okawaru.
  8698 | D:9      | Reached skill level 12 in Unarmed Combat
  9415 | D:10     | Entered Level 10 of the Dungeon
  9415 | D:10     | Noticed a hill giant
  9427 | D:10     | Killed a hill giant
  9757 | D:10     | Killed from afar by a gargoyle

Action                   |  1- 3 |  4- 6 |  7- 9 | 10-12 || total
-------------------------+-------+-------+-------+-------++-------
Melee: Unarmed           |   151 |   290 |   415 |   209 ||  1065
       Hunting sling     |       |     8 |       |       ||     8
 Fire: Hunting sling     |    12 |    49 |    61 |     8 ||   130
       Blowgun           |       |       |       |    30 ||    30
Throw: Tomahawk          |       |     3 |     8 |       ||    11
       Javelin           |       |       |     2 |     2 ||     4
Invok: Minor Destruction |       |     3 |    33 |     2 ||    38
       Lesser Servant of |       |       |       |     1 ||     1
Evoke: Wand              |       |       |     2 |     2 ||     4
       Rod               |       |       |       |     1 ||     1
  Use: Scroll            |       |    11 |    10 |     5 ||    26
       Potion            |       |     2 |     2 |     2 ||     6
  Eat: Chunk             |     4 |    12 |    14 |    18 ||    48
       Pizza             |       |       |     1 |       ||     1
